 Dungeon Crawl Stone Soup version 0.30-a0-368-g86fb4627a9 (webtiles) character file.

Game seed: 6681884229179294135

7096 ryw the Trooper (level 10, 0/80 HPs)
             Began as a Demonspawn Wanderer on Nov 20, 2022.
             Was an Initiate of Gozag.
             Splashed by a brown ugly thing's acid (7 damage)
             ... on level 11 of the Dungeon.
             The game lasted 00:24:55 (10192 turns).

ryw the Trooper (Demonspawn Wanderer)              Turns: 10192, Time: 00:24:56

Health: 0/80       AC: 12    Str: 17    XL:     10   Next: 84%
Magic:  19/21      EV: 28    Int: 26    God:    Gozag
Gold:   1390       SH:  0    Dex: 13    Spells: 17/24 levels left

rFire   . . .      SeeInvis .    B - +4 war axe (freeze)
rCold   . . .      Faith    .    (no shield)
rNeg    . . .      Spirit   .    o - +3 ring mail "Yrpheudea" {Str+4 Dex+2}
rPois   +          Reflect  .    J - +2 hat
rElec   .          Harm     .    b - +0 cloak
rCorr   .          Rampage  .    (gloves unavailable)
Will    .....                    u - +1 pair of boots "Mabrid" {rPois Str+2 Int+5}
Stlth   +.........               w - amulet of the acrobat
HPRegen 0.33/turn                C - ring of poison resistance
MPRegen 0.17/turn                a - ring of wizardry

@: corroded, acrobatic
A: slimy green scales 2, spiny 2, bedeviling, demonic touch 3
a: Renounce Religion, Potion Petition, Call Merchant, Bribe Branch


You were on level 11 of the Dungeon.
You worshipped Gozag.
Gozag was most pleased with you.
You visited 1 branch of the dungeon, and saw 11 of its levels.

You collected 1517 gold pieces.
You paid 127 gold pieces to Gozag.

Inventory:

Hand Weapons
 B - a +4 war axe of freezing (weapon)
Missiles
 l - 6 javelins
 x - a throwing net
Armour
 b - a +0 cloak (worn)
 o - the +3 ring mail "Yrpheudea" (worn) {Str+4 Dex+2}
   (You found it on level 3 of the Dungeon)

   Str:       It affects your strength (+4).
   Dex:       It affects your dexterity (+2).
 q - a +2 leather armour of positive energy
 u - the +1 pair of boots "Mabrid" (worn) {rPois Str+2 Int+5}
   (You found it on level 3 of the Dungeon)

   Str:       It affects your strength (+2).
   Int:       It affects your intelligence (+5).
   rPois:     It protects you from poison.
 J - a +2 hat (worn)
Jewellery
 a - a ring of wizardry (right hand)
 g - a ring of willpower
 j - a ring of positive energy
 w - an amulet of the acrobat (around neck)
 A - a ring of protection from cold
 C - a ring of poison resistance (left hand)
 E - a +6 ring of intelligence
Wands
 i - a wand of charming (7)
 s - a wand of flame (20)
 z - a wand of roots (10)
 I - a wand of light (5)
Scrolls
 d - 3 scrolls of identify
 e - 2 scrolls of silence
 h - 5 scrolls of teleportation
 m - 2 scrolls of enchant weapon
 y - a scroll of summoning
 D - 2 scrolls of magic mapping
 G - 2 scrolls of blinking
Potions
 c - a potion of lignification
 f - 4 potions of brilliance
 k - a potion of resistance
 n - 3 potions of flight
 p - 10 potions of curing
 r - 6 potions of mutation
 t - 2 potions of heal wounds
 v - 3 potions of degeneration
 H - a potion of attraction {unknown}


   Skills:
 + Level 7.9 Fighting
 + Level 7.5 Dodging
 + Level 7.9 Spellcasting
 + Level 7.5 Summonings
 + Level 2.0 Transmutations
 + Level 5.5 Air Magic
 - Level 1.0 Evocations


You had 17 spell levels left.
You knew the following spells:

 Your Spells              Type           Power      Damage    Failure   Level
b - Summon Small Mammal   Summ           100%       N/A       1%          1
c - Summon Lightning Spi  Summ/Air       44%        N/A       2%          4
d - Wereblood             Tmut           21%        N/A       2%          2

Your spell library contained the following spells:

 Spells                   Type           Power      Damage    Failure   Level
 Beastly Appendage        Tmut           42%        N/A       1%          1
 Shock                    Conj/Air       96%        1d9       1%          1
 Poisonous Vapours        Pois/Air       48%        N/A       1%          2
 Static Discharge         Conj/Air       48%        2-4/arc   1%          2
 Apportation              Tloc           20%        N/A       4%          1
 Magic Dart               Conj           40%        1d5       4%          1
 Necrotise                Necr           40%        1d6       4%          1
 Vhi's Electric Charge    Tloc/Air       48%        N/A       4%          3
 Searing Ray              Conj           20%        2d5       6%          2
 Mephitic Cloud           Conj/Pois/Air  19%        N/A       6%          3
 Spider Form              Tmut/Pois      15%        N/A       9%          3
 Arcjolt                  Conj/Air       12%        1d22      34%         5
 Lightning Bolt           Conj/Air       12%        1d25      34%         5
 Fulminant Prism          Conj/Hex       7%         3d6       38%         4
 Storm Form               Tmut/Air       15%        N/A       99%         7
 Maxwell's Capacitive Co  Air            19%        ∞         100%        8


Dungeon Overview and Level Annotations

Branches:
Dungeon (11/15)            Temple (0/1) D:7            Lair (0/5) D:10
    Orc: D:9-12

Altars:
Ashenzari
Gozag
Hepliaklqana
Kikubaaqudgha
Makhleb
Nemelex Xobeh
Okawaru
Qazlal
Trog
Vehumet
Xom
Yredelemnul


Innate Abilities, Weirdness & Mutations

You are mostly covered in slimy green scales. (AC +3)
You are mostly covered in sharp spines.
Your hexes are more powerful.
Your touch may irresistibly damage your foes and sap their willpower.


Message History

The brown ugly thing trunk-slaps your quokka!
Your quokka dies!
Your quokka's corpse disappears in a puff of smoke!
Something hits your lightning spire but does no damage.
You hit the brown ugly thing. You freeze the brown ugly thing.
The brown ugly thing is lightly wounded.
Something hits your lightning spire.
Something hits your lightning spire but does no damage.
The brown ugly thing is struck by your spines.
The brown ugly thing trunk-slaps you but does no damage.
Something hits your lightning spire but does no damage. x2
You closely miss the brown ugly thing.
The brown ugly thing is lightly wounded.
The brown ugly thing trunk-slaps you.
You are splashed with acid!
Something barely misses your lightning spire.
Something completely misses your lightning spire.
The brown ugly thing is struck by your spines.
The brown ugly thing trunk-slaps you.
You are splashed with acid.
* * * LOW HITPOINT WARNING * * *
Something hits your lightning spire but does no damage. x2
The brown ugly thing attacks as you move away!
The brown ugly thing completely misses you.
The brown ugly thing attacks as you move away!
The brown ugly thing is struck by your spines.
The brown ugly thing completely misses you.
The brown ugly thing attacks as you move away!
The brown ugly thing trunk-slaps you!
* * * LOW HITPOINT WARNING * * *
You are splashed with acid.
* * * LOW HITPOINT WARNING * * *
The brown ugly thing attacks as you move away!
The brown ugly thing completely misses you.
There is an open door here.
The brown ugly thing attacks as you move away!
The brown ugly thing is struck by your spines.
The brown ugly thing trunk-slaps you.
* * * LOW HITPOINT WARNING * * *
The acid corrodes you!
You are splashed with acid!
You die...
Your body crumbles into a pile of gold.

####........#
#$o'........#
......##$.8.....+
....# #........#
##. ####'#####
#>##### #.....#
#####u#
#######@####
#..........#
#......<...#
+..........+
#..........#
#..........#
######+#####


You could see a brown ugly thing.

Vanquished Creatures
  A death yak (D:9)
  Pikel (D:7)
  Joseph (D:7)
  A gargoyle (D:7)
  A troll (D:10)
  A vampire (D:9)
  3 wyverns
  2 steam dragons
  3 water moccasins (D:6)
  6 orc warriors
  2 sky beasts
  A black bear (D:9)
  An ogre (D:5)
  A centaur (D:8)
  2 phantoms
  3 kobold brigands
  A gnoll sergeant (D:7)
  A scorpion (D:6)
  16 wights
  5 killer bees
  2 jellies (D:6)
  A howler monkey (D:6)
  A gnoll bouda (D:6)
  A hound (D:4)
  8 orc priests
  5 iguanas
  9 orc wizards
  12 gnolls
  10 adders
  A shadow imp (D:7)
  2 worms (D:3)
  25 orcs
  4 ball pythons
  5 bats
  4 endoplasms
  A giant cockroach (D:1)
  5 goblins
  7 hobgoblins
  12 jackals
  14 kobolds
  2 quokkas (D:3)
  3 rats
187 creatures vanquished.

Vanquished Creatures (collateral kills)
  A steam dragon (D:7)
  An orc warrior (D:10)
  A black bear (D:10)
  3 killer bees
  2 orc priests
  An orc wizard (D:7)
  A white imp (D:6)
  4 orcs
  A bat (D:3)
  A frilled lizard (D:3)
  4 kobolds
20 creatures vanquished.

Vanquished Creatures (others)
  An orc wizard (D:5)
  An orc (D:7)
  6 plants
8 creatures vanquished.

Grand Total: 215 creatures vanquished

Notes
Turn   | Place    | Note
-------+----------+-------------------------------------------
     0 | D:1      | ryw the Demonspawn Wanderer began the quest for the Orb.
     0 | D:1      | ryw set off with the following items: a +0 dagger, a +0
                  | pair of boots, a potion of lignification, a +0 robe, a
                  | scroll of silence; and the following spell memorised:
                  | Shock; and the following spells available to memorise:
                  | Poisonous Vapours, Mephitic Cloud.
     0 | D:1      | Reached XP level 1. HP: 15/15 MP: 4/4
   436 | D:1      | Gained mutation: Your touch may inflict minor irresistible
                  | damage on your foes. [demonic ancestry]
   436 | D:1      | Reached XP level 2. HP: 21/21 MP: 4/6
  1482 | D:2      | Gained mutation: Your touch may inflict irresistible damage
                  | on your foes. [demonic ancestry]
  1482 | D:2      | Reached XP level 3. HP: 22/27 MP: 2/7
  1615 | D:2      | Learned a level 1 spell: Summon Small Mammal
  2048 | D:3      | Identified the +1 pair of boots "Mabrid" {rPois Str+2
                  | Int+5}
  2467 | D:3      | Identified the +3 ring mail "Yrpheudea" {Str+4 Dex+2}
  2569 | D:4      | Reached skill level 1 in Summonings
  2569 | D:4      | Gained mutation: You are partially covered in slimy green
                  | scales. (AC +2) [demonic ancestry]
  2569 | D:4      | Reached XP level 4. HP: 29/33 MP: 7/9
  2717 | D:4      | Found a burning altar of Makhleb.
  3009 | D:4      | Found a hazy altar of Hepliaklqana.
  3318 | D:3      | Gained mutation: You are partially covered in sharp spines.
                  | [demonic ancestry]
  3318 | D:3      | Reached XP level 5. HP: 39/39 MP: 7/10
  3486 | D:5      | Entered Level 5 of the Dungeon
  3546 | D:5      | Found a basalt altar of Yredelemnul.
  3664 | D:5      | Noticed an ogre
  3784 | D:5      | Gained mutation: Your touch may irresistibly damage your
                  | foes and sap their willpower. [demonic ancestry]
  3784 | D:5      | Reached XP level 6. HP: 27/47 MP: 12/12
  3930 | D:5      | Found a stormy altar of Qazlal.
  4309 | D:6      | Found a sparkling altar of Nemelex Xobeh.
  4354 | D:6      | Reached XP level 7. HP: 52/52 MP: 10/13
  4473 | D:6      | Found an iron altar of Okawaru.
  4473 | D:6      | Found a shimmering altar of Xom.
  4473 | D:6      | Found an opulent altar of Gozag.
  4481 | D:6      | Became a worshipper of Gozag Ym Sagoz the Greedy
  4617 | D:6      | Learned a level 4 spell: Summon Lightning Spire
  5101 | D:6      | Reached skill level 5 in Spellcasting
  5119 | D:6      | Gained mutation: You are mostly covered in sharp spines.
                  | [demonic ancestry]
  5119 | D:6      | Reached XP level 8. HP: 61/61 MP: 13/15
  5688 | D:7      | Noticed Joseph
  5794 | D:7      | Killed Joseph
  5795 | D:7      | Reached skill level 5 in Fighting
  5795 | D:7      | Reached skill level 5 in Dodging
  5969 | D:7      | Found a radiant altar of Vehumet.
  6083 | D:7      | Reached skill level 5 in Air Magic
  6083 | D:7      | Gained mutation: Your hexes are more powerful. [demonic
                  | ancestry]
  6083 | D:7      | Reached XP level 9. HP: 58/68 MP: 13/17
  6131 | D:7      | Reached skill level 5 in Summonings
  6144 | D:7      | Found an ancient bone altar of Kikubaaqudgha.
  6146 | D:7      | Noticed Pikel
  6161 | D:7      | Killed Pikel
  6531 | D:7      | Noticed a gargoyle
  6540 | D:7      | Killed a gargoyle
  6737 | D:7      | Found a staircase to the Ecumenical Temple.
  7809 | D:8      | Found a broken altar of Ashenzari.
  7881 | D:8      | Gained mutation: You are mostly covered in slimy green
                  | scales. (AC +3) [demonic ancestry]
  7881 | D:8      | Reached XP level 10. HP: 58/77 MP: 16/20
  9245 | D:10     | Entered Level 10 of the Dungeon
  9249 | D:10     | Learned a level 2 spell: Wereblood
  9382 | D:10     | Found a staircase to the Lair.
  9382 | D:10     | Noticed a death yak
  9425 | D:9      | Killed a death yak
  9426 | D:9      | Reached skill level 1 in Transmutations
  9638 | D:10     | Identified the +5 rapier of Juicvoqo {flame, rPois rN++
                  | SInv}
  9660 | D:10     | Found a bloodstained altar of Trog.
 10175 | D:11     | Noticed a brown ugly thing
 10192 | D:11     | Splashed by a brown ugly thing's acid

Illustrated notes

Levels and vault maps discovered:
D:1:      lemuel_arrival_funnel, layout_basic
D:2:      layout_loops_cross, serial_forest, infiniplex_forest_lined_2,
          infiniplex_forest_lined_corner, infiniplex_forest_end_2,
          infiniplex_forest_straight_1, infiniplex_forest_end_double,
          infiniplex_forest_clump_long, infiniplex_forest_lined_3,
          infiniplex_forest_lined_2
D:3:      layout_basic
D:4:      layout_cave_pods, marbit_many_paths, nzn_hepliaklqana_mist_gate
D:5:      layout_rooms, yredelemnul_altar_generic,
          nicolae_qazlal_eye_of_the_storm
D:6:      layout_gridville, elyvilon_altar_3, nicolae_overflow_crystal_walls,
          gammafunk_temple_overflow_forgotten, st_stairs_1
D:7:      layout_basic, nicolae_kikubaaqudgha_miasma_corner,
          vehumet_altar_wand_db, lemuel_temple_firewalk_a, uniq_pikel,
          uniq_joseph
D:8:      layout_basic, kennysheep_mini, mainiacjoe_overflow_brackets,
          nicolae_overflow_hidden_temple
D:9:      layout_irregular_city, minmay_fountain_box, serial_park_tiny_2
D:10:     layout_cave_pools, mainiacjoe_overflow_24_doors, trog_hazing_becter,
          david_lair_generic
D:11:     layout_roguey, orc_0_dummy, ebering_ghost_inner_flame

Skill      XL: |  1  2  3  4  5  6  7  8  9 10 |
---------------+-------------------------------+-----
Dodging        | 2 3 4 5 6 7 |  7.5
Fighting       | 2 3 4 5 6 7 |  7.9
Summonings     | 1 2 3 4 6 7 |  7.5
Spellcasting   | 4 5 7 |  7.9
Air Magic      | 3 4 5 |  5.5
Transmutations | 2 |  2.0
Evocations     | |  1.0

Action                   |  1- 3 |  4- 6 |  7- 9 | 10-12 || total
-------------------------+-------+-------+-------+-------++-------
Melee: Dagger            |    46 |       |       |       ||    46
       Falchion          |    62 |    77 |   142 |       ||   281
       Touch             |    13 |    13 |    30 |    23 ||    79
       Punch             |     1 |       |     1 |     2 ||     4
       Great sword       |       |       |    45 |       ||    45
       Rapier            |       |       |     6 |       ||     6
       Morningstar       |       |       |     3 |    15 ||    18
       War axe           |       |       |       |    86 ||    86
 Cast: Shock             |    32 |    16 |       |       ||    48
       Summon Small Mamm |     3 |    12 |    16 |     5 ||    36
       Summon Lightning  |       |       |     3 |     6 ||     9
  Use: Potion            |     1 |       |       |       ||     1
       Scroll            |       |    13 |     4 |     1 ||    18
 Stab: Distracted        |       |       |     4 |     1 ||     5
Armor: Skin              |    36 |       |       |       ||    36
       Robe              |    31 |       |       |       ||    31
       Ring mail         |     1 |    47 |   113 |    50 ||   211
Dodge: Dodged            |    71 |    58 |   145 |   119 ||   393

Table legend: (Time is in decaauts)
 A = Elapsed time spent in this place.
 B = Non-inter-level travel time spent in this place.
 C = Inter-level travel time spent in this place.
 D = Time resting spent in this place.
 E = Time spent auto-exploring this place.
 F = Levels seen in this place.
 G = Mean time per level.
                   A        B        C        D        E       F      G
               +--------+--------+--------+--------+--------+-----+--------+
         Total |  10359 |   9922 |    437 |    874 |   7332 |  11 |  941.7 |
       Dungeon |  10359 |   9922 |    437 |    874 |   7332 |  11 |  941.7 |
               +--------+--------+--------+--------+--------+-----+--------+

Top non-repeatable levels by time:
     D:7: 1684 daAuts
     D:6: 1291 daAuts
     D:9: 1161 daAuts
     D:8: 1126 daAuts
     D:4: 987 daAuts
     D:2: 923 daAuts
     D:1: 859 daAuts
     D:3: 822 daAuts
     D:5: 746 daAuts
    D:10: 710 daAuts
    D:11: 46 daAuts
